 Dungeon Crawl Stone Soup version 0.27-a0-1529-g1e82c303ef (webtiles) character file.

Game seed: 9536146595155130892

1097 garrulousMonolith the Skirmisher (level 8, -5/59 HPs)
             Began as a Djinni Air Elementalist on July 12, 2021.
             Slain by Pikel (7 damage)
             ... on level 4 of the Dungeon.
             The game lasted 00:08:42 (7226 turns).

garrulousMonolith the Skirmisher (DjAE)             Turns: 7226, Time: 00:08:42

Health: -5/59      AC:  4    Str:  7    XL:     8   Next: 57%
Gold:   161        EV: 10    Int: 19    God:
                   SH:  7    Dex: 14

rFire    + + .     SeeInvis .   a - +0 scimitar
rCold    x . .     Faith    .   u - +0 kite shield
rNeg     . . .     Spirit   .   b - +0 leather armour
rPois    ∞         Reflect  .   (no helmet)
rElec    .         Harm     .   (no cloak)
rCorr    .         Rampage  .   h - +0 pair of gloves
Will     .....                  (boots unavailable)
Stlth    ++........             (no amulet)
HPRegen  0.19/turn              i - ring of wizardry
MPRegen  0.00/turn              (no ring)

@: flying
A: sickness immunity, fire resistance 2, cold vulnerability 1, float, innate
caster, hp casting, extra vitality 1
a: no special abilities


You were on level 4 of the Dungeon.
You visited 1 branch of the dungeon, and saw 5 of its levels.
You also visited: Sewer.

You collected 161 gold pieces.

Inventory:

Hand Weapons
 a - a +0 scimitar (weapon)
 m - a +0 hand axe of venom
 r - a +2 short sword of flaming
Missiles
 e - 12 poisoned darts (quivered)
 g - 40 stones
 l - a curare-tipped dart
Armour
 b - a +0 leather armour (worn)
 h - a +0 pair of gloves (worn)
 u - a +0 kite shield (worn)
Jewellery
 i - a ring of wizardry (left hand)
Scrolls
 c - a scroll of magic mapping {unknown}
 d - 2 scrolls of amnesia {unknown}
 f - a scroll of torment {unknown}
 j - 2 scrolls of teleportation {unknown}
 k - a scroll of fog {unknown}
 o - a scroll of identify {unknown}
 p - a scroll of blinking {unknown}
 q - a scroll of enchant weapon {unknown}
 w - a scroll of immolation {unknown}
 A - a scroll of silence {unknown}
Potions
 n - a potion of magic {unknown}
 s - a potion of lignification
 t - 2 potions of brilliance {unknown}
 v - a potion of heal wounds {unknown}
 x - 2 potions of haste {unknown}


   Skills:
 * Level 5.3 Fighting
 + Level 4.6 Dodging
 - Level 3.0 Stealth
 + Level 2.3 Shields
 * Level 4.8 Spellcasting


You couldn't memorise any spells.
You knew the following spells:

 Your Spells              Type           Power      Damage    Failure   Level
a - Shock                 Conj/Air       88%        1d8       6%          1
b - Airstrike             Air            11%        N/A       45%         4
c - Static Discharge      Conj/Air       22%        N/A       9%          2
d - Swiftness             Air            22%        N/A       16%         3
e - Beastly Appendage     Tmut           44%        N/A       6%          1
f - Slow                  Hex            22%        N/A       9%          2
g - Summon Guardian Gole  Hex/Summ       22%        N/A       16%         3
Your spell library was empty.

Dungeon Overview and Level Annotations

Branches:
Dungeon (5/15)              Sewer (visited)
 Temple: D:4-7

Altars:

Annotations:
D:4 Pikel


Innate Abilities, Weirdness & Mutations

You are immune to sickness and miasma.
You are immune to poison.
Your flesh is very heat resistant. (rF++)
You are vulnerable to cold. (rC-)
You float through the air rather than walking.
You learn spells naturally, not from books.
Your magical power is your life essence.
You have superior vitality. (+4 HP)


Message History

Press: ? - help, v - describe, . - travel
Here: Pikel, wielding a +0 whip of freezing and wearing a +2 robe of resistance (severely wounded)
The floor.
Casting: Static Discharge (safe; 9% risk of failure)
Confirm with . or Enter, or press ? or * to list all spells.
Pikel is struck by an arc of lightning.
Pikel is severely wounded.
You are struck by an arc of lightning.
* * * LOW HITPOINT WARNING * * *
The lightning grounds out.
* * * LOW HITPOINT WARNING * * *
Pikel hits you with a +0 whip of freezing.
* * * LOW HITPOINT WARNING * * *
Pikel freezes you.
* * * LOW HITPOINT WARNING * * *
Casting: Static Discharge (safe; 9% risk of failure)
Confirm with . or Enter, or press ? or * to list all spells.
Aiming: Shock (safe; 6% risk of failure)
Press: ? - help, Shift-Dir - straight line, f - Pikel
Aim: Pikel, wielding a +0 whip of freezing and wearing a +2 robe of resistance (severely wounded, 67% to hit)
The zap hits Pikel.
Pikel is almost dead.
* * * LOW HITPOINT WARNING * * *
You block Pikel's attack.
You hit Pikel.
Pikel is almost dead.
Pikel hits you with a +0 whip of freezing.
* * * LOW HITPOINT WARNING * * *
Pikel freezes you.
* * * LOW HITPOINT WARNING * * *
You barely miss Pikel.
Pikel is almost dead.
Pikel hits you but does no damage. You block Pikel's attack.
Casting: Shock (safe; 6% risk of failure)
Confirm with . or Enter, or press ? or * to list all spells.
You don't have enough health to cast this spell.
You closely miss Pikel.
Pikel is almost dead.
Pikel hits you with a +0 whip of freezing!
You die...

#.......###.##.#.# #.......# #
####.##........#.# #.......### #
##.##.###.#....# #..........
#####...........#..####.......###
..............................#
###.####...##......####.......# #
#.####...##.......# #########
#.##.......[..K##.#
#.##.#.#.#....@##.#
###<##.#.#.......##.#
.##.......##.....##.#
.##.......###...###.# .##.......#
#.......# .##.......# ##.######
.##.......# #.# .##.......#
#.#### .##.......# #....#


You could see Pikel.

Vanquished Creatures
  Grinder (D:4)
  An ogre (D:5)
  A lemure (D:4)
  2 kobold brigands (Sewer)
  Blork the orc (D:4)
  4 scorpions (D:4)
  2 hounds (D:4)
  Natasha (twice) (D:4)
  An iguana (D:4)
  An orc wizard (D:3)
  7 adders
  A gnoll (D:1)
  2 river rats (Sewer)
  5 worms
  A dart slug (D:4)
  14 orcs
  10 endoplasms
  7 giant cockroaches
  7 goblins
  6 hobgoblins
  4 jackals (D:4)
  7 kobolds
  2 quokkas (D:3)
  13 ball pythons
  17 bats
  8 rats
127 creatures vanquished.

Vanquished Creatures (others)
  4 fungi (D:4)
  6 plants (D:4)
10 creatures vanquished.

Grand Total: 137 creatures vanquished

Notes
Turn   | Place    | Note
-------+----------+-------------------------------------------
     0 | D:1      | garrulousMonolith the Djinni Air Elementalist began the
                  | quest for the Orb.
     0 | D:1      | Reached XP level 1. HP: 15/15 MP: 0/0
   424 | D:1      | Reached XP level 2. HP: 20/22 MP: 0/0
   506 | D:1      | Reached skill level 1 in Fighting
  1106 | D:1      | Reached XP level 3. HP: 22/27 MP: 0/0
  1106 | D:1      | Learned a level 1 spell: Beastly Appendage
  2508 | D:3      | Reached XP level 4. HP: 18/33 MP: 0/0
  2634 | D:3      | Reached skill level 2 in Fighting
  2799 | D:3      | Found a glowing drain.
  2802 | D:3      | Reached XP level 5. HP: 29/38 MP: 0/0
  2802 | D:3      | Learned a level 2 spell: Slow
  2813 | Sewer    | Entered a sewer
  3357 | Sewer    | Noticed a kobold brigand
  3376 | Sewer    | Killed a kobold brigand
  3377 | Sewer    | Reached XP level 6. HP: 15/45 MP: 0/0
  3647 | Sewer    | Reached skill level 3 in Fighting
  4332 | D:3      | Found a faded altar of an unknown god.
  4793 | D:4      | Identified the +1 dagger of Famp {vorpal, Drain rF- Int+3
                  | Dex+6}
  4795 | D:4      | Reached XP level 7. HP: 29/50 MP: 0/0
  4795 | D:4      | Learned a level 3 spell: Summon Guardian Golem
  5192 | D:4      | Reached skill level 4 in Fighting
  5510 | D:4      | Reached skill level 1 in Shields
  5914 | D:4      | Noticed Natasha
  5917 | D:4      | Killed Natasha
  5927 | D:4      | Reached XP level 8. HP: 23/58 MP: 0/0
  5949 | D:4      | Noticed Natasha
  5951 | D:4      | Killed Natasha
  6528 | D:4      | Noticed Blork the orc
  6535 | D:4      | Killed Blork the orc
  6640 | D:4      | Noticed Grinder
  6672 | D:4      | Killed Grinder
  6673 | D:4      | Reached skill level 5 in Fighting
  7112 | D:5      | Entered Level 5 of the Dungeon
  7185 | D:5      | Noticed Pikel
  7224 | D:4      | HP: 2/59 [Pikel (2)]
  7226 | D:4      | Slain by Pikel

Illustrated notes

Levels and vault maps discovered:
D:1:      dpeg_arrival_yet_another_circle, layout_basic
D:2:      layout_basic
D:3:      layout_basic, shapermc_ecumenical_altar_starsandcircs,
          portal_sewer_entry_f
D:4:      old_forge, layout_loops_cross, chequers_arboretum, st_stairs_7,
          uniq_natasha, uniq_blork_the_orc, uniq_grinder
D:5:      layout_basic, grunt_temple_overflow_lords_of_destruction,
          chequers_temple_overflow_statue_of_worship,
          mainiacjoe_overflow_brackets, lightli_temple_of_fire, uniq_pikel,
          uniq_edmund

Skill      XL: |  1  2  3  4  5  6  7  8 |
---------------+-------------------------+-----
Fighting       | 1 2 3 4 5 |  5.3
Stealth        | 2 3 |  3.0
Spellcasting   | 3 4 |  4.8
Dodging        | 3 4 |  4.6
Shields        | 1 2 |  2.3

Action                   |  1- 3 |  4- 6 |  7- 9 || total
-------------------------+-------+-------+-------++-------
Melee: Unarmed           |     1 |       |       ||     1
       Scimitar          |       |       |    12 ||    12
Throw: Dart              |       |       |     3 ||     3
 Cast: Shock             |    75 |   107 |    64 ||   246
       Static Discharge  |     3 |    21 |    18 ||    42
       Airstrike         |       |       |     6 ||     6
  Use: Potion            |       |     3 |     3 ||     6
       Scroll            |       |     1 |     1 ||     2
 Stab: Sleeping          |       |       |     1 ||     1
Armor: Robe              |     1 |       |       ||     1
       Leather armour    |     4 |     4 |    13 ||    21
Dodge: Dodged            |    10 |    31 |    19 ||    60
Block: Kite shield       |       |       |     5 ||     5
       Rpst.: Scimitar   |     4 |    11 |     5 ||    20

Table legend: (Time is in decaauts)
 A = Elapsed time spent in this place.
 B = Non-inter-level travel time spent in this place.
 C = Inter-level travel time spent in this place.
 D = Time resting spent in this place.
 E = Time spent auto-exploring this place.
 F = Levels seen in this place.
 G = Mean time per level.
                   A        B        C        D        E       F      G
               +--------+--------+--------+--------+--------+-----+--------+
         Total |   7231 |   7097 |    134 |   1281 |   4891 |   6 | 1205.2 |
       Dungeon |   5934 |   5800 |    134 |   1120 |   3909 |   5 | 1186.8 |
         Sewer |   1296 |   1296 |      0 |    161 |    982 |   1 | 1296.0 |
               +--------+--------+--------+--------+--------+-----+--------+

Top non-repeatable levels by time:
     D:4: 2419 daAuts
   Sewer: 1296 daAuts
     D:2: 1219 daAuts
     D:1: 1205 daAuts
     D:3: 1003 daAuts
     D:5: 87 daAuts
